 Dungeon Crawl Stone Soup version 0.27.0-1-g7a089689b8 (webtiles) character file.

Game seed: 13055037340819659462

137 PentaManta the Cudgeller (level 5, -1/32 HPs)
             Began as a Gargoyle Monk on Aug 10, 2021.
             Hit by a boomerang thrown by an orc (2 damage)
             ... on level 3 of the Dungeon.
             The game lasted 00:05:31 (2951 turns).

PentaManta the Cudgeller (Gargoyle Monk)            Turns: 2951, Time: 00:05:32

Health: -1/32      AC:  7    Str: 15    XL:     5   Next: 20%
Magic:  5/5        EV: 12    Int: 11    God:
Gold:   29         SH:  0    Dex: 12    Spells: 4/4 levels left

rFire    . . .     SeeInvis .   k - +2 whip (flame)
rCold    . . .     Faith    .   (no shield)
rNeg     + . .     Spirit   .   b - +0 robe
rPois    ∞         Reflect  .   h - +0 helmet
rElec    +         Harm     .   (no cloak)
rCorr    .         Rampage  .   (no gloves)
Will     .....                  (no boots)
Stlth    ++........             (no amulet)
HPRegen  0.10/turn              (no ring)
MPRegen  0.09/turn              (no ring)

@: no status effects
A: sickness immunity, AC +4, negative energy resistance 1, electricity
resistance, torment resistance 1, petrification resistance
a: no special abilities


You were on level 3 of the Dungeon.
You visited 1 branch of the dungeon, and saw 3 of its levels.

You collected 29 gold pieces.

Inventory:

Hand Weapons
 a - a +0 mace
 c - a +0 dagger
 k - a +2 whip of flaming (weapon)
Missiles
 f - 43 sling bullets
 i - 10 stones (quivered)
Armour
 b - a +0 robe (worn)
 h - a +0 helmet (worn)
Scrolls
 d - 3 scrolls of magic mapping
Potions
 e - a potion of flight {unknown}
 g - a potion of lignification {unknown}


   Skills:
 - Level 3.2 Fighting
 + Level 5.7 Maces & Flails
 - Level 2.4 Dodging
 - Level 2.1 Stealth


You had 4 spell levels left.
You didn't know any spells.
Your spell library contained the following spells:

 Spells                   Type           Power      Damage    Failure   Level
 Dispersal                Tloc           0%         N/A       100%        6
 Disjunction              Tloc           0%         N/A       100%        8


Dungeon Overview and Level Annotations

Branches:
Dungeon (3/15)

Altars:

Portals:
Sewer: D:3

Annotations:
D:2 Sigmund


Innate Abilities, Weirdness & Mutations

You are immune to sickness and miasma.
Your stone body is resilient. (AC +4)
You are immune to poison.
You resist negative energy. (rN+)
You are resistant to electric shocks. (rElec)
You are resistant to unholy torment.
You are immune to petrification.


Message History

You hit the gnoll. You burn the gnoll.
The gnoll is almost dead.
The gnoll hits you but does no damage. The orc hits you but does no damage.
You hit the gnoll. You burn the gnoll.
You kill the gnoll!
The orc dissolves into shadows!
The orc wizard dissolves into shadows!
The orc priest dissolves into shadows!
The frilled lizard dissolves into shadows!
The hobgoblin dissolves into shadows!
The orc dissolves into shadows! x2
The orc wizard dissolves into shadows!
The orc dissolves into shadows!
You see here a +0 spear.
You see here a +0 spear.
You see here a +0 dagger.
Search for what [? for help]? .
Found a scroll of magic mapping.
There is an escape hatch in the ceiling here.
You hear the brisk rusting of a drain nearby.
d - 3 scrolls of magic mapping (gained 1)
Found a glowing drain.
An orc and an orc priest come into view.
The orc shouts!
You hear a shout!
The orc throws a boomerang.
The boomerang hits you.
An orc comes into view. It is wielding a +0 hand axe.
The orc priest shouts!
The orc throws a boomerang.
The boomerang hits you but does no damage.
An orc is nearby!
The orc throws a stone.
The stone barely misses you.
The orc throws a boomerang.
The boomerang hits you but does no damage.
The orc throws a stone.
The stone closely misses you.
The orc priest calls down the wrath of Beogh upon you.
Beogh smites you!
The orc throws a boomerang.
The boomerang closely misses you.
The orc throws a boomerang.
The boomerang hits you.
The orc priest mumbles some strange prayers to Beogh against you.
Beogh smites you!
* * * LOW HITPOINT WARNING * * *
The orc throws a boomerang.
The boomerang hits you.
You die...

#........#≈≈*
#o###....#≈≈*
##.# *#...#≈≈***
#o.# *#o...≈≈**
******* #o##
*.....≈** ,,,,,,*
#.# *,....***
*****,* ##.#
**##..* *,* #..#
*##* #,* ##@##
#.#########..#
#...........##
****####.########
,,,,,* #.# ***#,*
#.#
#.###.##########
#..............#
##..........#*,*


You could see an orc priest and 2 orcs.

Vanquished Creatures
  A bullfrog skeleton (D:3)
  4 gnolls
  2 adders (D:2)
  2 dart slugs
  A giant cockroach (D:2)
  7 goblins
  5 hobgoblins
  7 jackals (D:2)
  3 kobolds
  2 quokkas
  4 ball pythons
  3 frilled lizards
  3 rats
44 creatures vanquished.

Notes
Turn   | Place    | Note
-------+----------+-------------------------------------------
     0 | D:1      | PentaManta the Gargoyle Monk began the quest for the Orb.
     0 | D:1      | Reached XP level 1. HP: 14/14 MP: 1/1
   347 | D:1      | Reached XP level 2. HP: 13/19 MP: 2/2
   690 | D:1      | Found a faded altar of an unknown god.
  1241 | D:2      | Reached skill level 4 in Maces & Flails
  1265 | D:2      | Reached XP level 3. HP: 6/23 MP: 3/3
  1411 | D:1      | HP: 1/23 [frozen (5)]
  2404 | D:2      | Reached XP level 4. HP: 19/28 MP: 4/4
  2447 | D:2      | Noticed Sigmund
  2538 | D:3      | Reached skill level 5 in Maces & Flails
  2866 | D:3      | Reached XP level 5. HP: 32/32 MP: 5/5
  2931 | D:3      | Found a glowing drain.
  2950 | D:3      | HP: 1/32 [orc priest/divine providence (12)]
  2951 | D:3      | Hit by a boomerang thrown by an orc

Illustrated notes

Levels and vault maps discovered:
D:1:      saegor_arrival_simple_b, layout_basic, ebering_ecumenical_altar_rust,
          serial_bayou_pond_e, serial_park_tiny_pond
D:2:      layout_loops_cross, serial_shops, nicolae_shop_stone, uniq_sigmund
D:3:      layout_loops_ring, cheibrodos_sewer_entry_bend, kennysheep_nub,
          minmay_goblin_kobold_house

Skill      XL: |  1  2  3  4 |
---------------+-------------+-----
Maces & Flails | 4 5 |  5.7
Fighting       | |  3.2
Dodging        | |  2.4
Stealth        | |  2.1

Action                   |  1- 3 |  4- 6 || total
-------------------------+-------+-------++-------
Melee: Dagger            |   221 |       ||   221
       Mace              |    14 |    16 ||    30
       Whip              |       |    22 ||    22
Throw: Stone             |     5 |       ||     5
  Use: Scroll            |       |     3 ||     3
 Stab: Sleeping          |     3 |       ||     3
Armor: Robe              |    89 |    18 ||   107
Dodge: Dodged            |   148 |    22 ||   170
